 Dungeon Crawl Stone Soup version 0.31-a0-4-gefa6de2278 (webtiles) character file.

Game seed: 14218232270593250922

18 2FriedEggs the Charlatan (level 2, -1/23 HPs)
             Began as a Demonspawn Artificer on May 4, 2023.
             Was an Elder of Jiyva.
             Killed by nerve-wracking pain
             ... invoked by an orc priest
              (8 damage)
             ... on level 3 of the Dungeon.
             The game lasted 00:04:03 (1741 turns).

2FriedEggs the Charlatan (Demonspawn Artificer)     Turns: 1741, Time: 00:04:03

Health: -1/23      AC:  4    Str:  9 (12) XL:     2   Next: 51%
Magic:  2/2        EV: 10    Int:  9 (12) God:    Jiyva [****..]
Gold:   91         SH:  0    Dex: 11 (13) Spells: 1/1 levels left

rFire   . . .        a - +0 short sword
rCold   . . .        (no shield)
rNeg    . . .        l - +0 ring mail
rPois   .            (no helmet)
rElec   .            k - +1 cloak
rCorr   +            (no gloves)
SInv    +            (no boots)
Will    .....        h - amulet of the acrobat
Stlth   +            (no ring)
HPRegen 1.51/turn    (no ring)
MPRegen 0.48/turn

%: acrobat
@: no status effects
A: foul stench 1, eyeballs 3, pseudopods 1
a: Renounce Religion, Oozemancy, Slimify


You were on level 3 of the Dungeon.
You worshipped Jiyva.
Jiyva was greatly pleased with you.
You visited 1 branch of the dungeon, and saw 3 of its levels.

You collected 91 gold pieces.

Inventory:

Hand Weapons
 a - a +0 short sword (weapon)
 g - a +0 dagger
Missiles
 o - 12 stones
Armour
 k - a +1 cloak (worn)
 l - a +0 ring mail (worn)
Magical Staves
 n - a staff of fire
Jewellery
 h - an amulet of the acrobat (around neck)
 i - a ring of ice
Wands
 c - a wand of flame (32) (quivered)
 d - a wand of charming (15)
 e - a wand of iceblast (4)
Scrolls
 b - 2 scrolls of blinking {unknown}
 f - a scroll of enchant armour {unknown}
 j - 5 scrolls of identify {unknown}


   Skills:
 + Level 2.5 Fighting
 - Level 1.7 Armour
 - Level 0.8 Dodging
 - Level 0.8 Stealth
 - Level 3.0 Evocations


You had one spell level left.
You didn't know any spells.
Your spell library contained the following spells:

 Spells                   Type           Power      Damage    Failure   Level
 Magic Dart               Conj           0%         1d3       73%         1
 Slow                     Hex            0%         N/A       73%         1
 Searing Ray              Conj           0%         2d4       86%         2
 Confusing Touch          Hex            0%         N/A       97%         3
 Vampiric Draining        Necr           0%         2d6       97%         3
 Fulminant Prism          Conj/Hex       0%         3d5       100%        4


Dungeon Overview and Level Annotations

Branches:
Dungeon (3/15)

Altars:
Fedhas
Sif Muna
Jiyva


Innate Abilities, Weirdness & Mutations

You may rarely emit foul miasma when damaged in melee.
Your body is covered in eyes which may confuse attackers. (Acc +7, SInv)
Armour fits poorly on your pseudopods.


Message History

You can now turn your foes to slime.
The orc shouts!
The orc throws a stone.
The stone barely misses you.
An orc is nearby!
An orc is nearby!
Found a stone staircase leading down.
The orc shouts!
You hear a shout!
The orc throws a stone.
The stone closely misses you.
The orc throws a stone.
The stone misses you.
Unknown command.
The orc throws a stone.
The stone closely misses you.
Okay, then.
The orc completely misses you.
You barely miss the orc. You bludgeon the orc, but do no damage.
The orc priest mumbles some strange prayers to Beogh against you.
Beogh smites you! The orc hits you but does no damage.
The orc barely misses you.
You hit the orc.
The orc is heavily wounded.
The orc hits you with a +0 trident. The orc hits you with a +0 club.
Okay, then.
Okay, then.
It was a potion of degeneration.
There was something very wrong with that liquid.
You feel weakened.
You feel dopey.
You feel clumsy. The orc hits you with a +0 trident.
* * * LOW HITPOINT WARNING * * *
The eyeballs on your body gaze at the orc.
The orc hits itself with a +0 trident!
The orc is killed!
Aiming: Iceblast
Press: ? - help, Shift-Dir - straight line, f - orc priest
Aim: an orc priest, wielding a +0 dagger and wearing a +0 leather armour The mass of ice explodes!
The iceblast engulfs the orc priest!
The orc priest is almost dead.
The iceblast engulfs the orc!
You kill the orc!
The orc priest invokes the aid of Beogh against you.
Pain shoots through your body!
You die...

# ######.# ####### ####o#
######....##.###.....#.. .......
..........##..##.....#.# ........
..........###.##.....#.##....####
........# #..#.....#.#...#~#≈≈≈
........# ##.#.....#.....#≈≈≈≈≈
........# #.#o....#....# ≈≈#≈#
........# #..)o...#'.#.#≈≈≈≈≈≈
........# ###@####.o...≈≈#≈≈≈≈
........# #.# #...o.~#≈≈≈≈#
........# #.# #......# ≈#≈≈
........# #.. '.>....~##≈≈#
........# #### #...o....#~##
........# #............ ###+#####
#............ # #............ #
.........


You could see an orc priest and an orc.

Vanquished Creatures
  A dart slug (D:3)
  3 orcs (D:3)
  A giant cockroach (D:1)
  2 goblins
  2 hobgoblins
  A kobold (D:1)
  A quokka (D:1)
  A frilled lizard (D:2)
  2 rats (D:3)
14 creatures vanquished.

Vanquished Creatures (others)
  A worm (D:2)
  A giant cockroach (D:2)
  A bat (D:1)
  3 frilled lizards (D:1)
  A rat (D:2)
  A fungus (D:1)
8 creatures vanquished.

Grand Total: 22 creatures vanquished

Notes
Turn   | Place    | Note
-------+----------+-------------------------------------------
     0 | D:1      | 2FriedEggs the Demonspawn Artificer began the quest for the
                  | Orb.
     0 | D:1      | Reached XP level 1. HP: 15/15 MP: 1/1
    87 | D:1      | Found a faded altar of an unknown god.
   148 | D:1      | Prayed at the altar of an unknown god.
   148 | D:1      | Became a worshipper of Jiyva Jyxtuny the Shapeless
   148 | D:1      | Reached * piety under Jiyva
   416 | D:1      | Reached ** piety under Jiyva
   754 | D:2      | Found a shimmering blue altar of Sif Muna.
   819 | D:2      | Gained mutation: You may rarely emit foul miasma when
                  | damaged in melee. [demonic ancestry]
   819 | D:2      | Reached XP level 2. HP: 22/22 MP: 2/2
  1305 | D:3      | Reached *** piety under Jiyva
  1512 | D:3      | Gained mutation: Your body has grown eyes which may confuse
                  | attackers. (Acc +3) [Jiyva's grace]
  1512 | D:3      | Gained mutation: Your body has grown many eyes which may
                  | confuse attackers. (Acc +5) [Jiyva's grace]
  1512 | D:3      | Gained mutation: Your body is covered in eyes which may
                  | confuse attackers. (Acc +7, SInv) [Jiyva's grace]
  1512 | D:3      | Gained mutation: Armour fits poorly on your pseudopods.
                  | [Jiyva's grace]
  1608 | D:3      | Found a blossoming altar of Fedhas.
  1719 | D:3      | Reached **** piety under Jiyva
  1741 | D:3      | Killed from afar by an orc priest

Illustrated notes

Levels and vault maps discovered:
D:1:      onia_arrival_mini_maze_b, layout_rooms,
          shapermc_ecumenical_altar_ellora, chequers_hall_statues_wall_a
D:2:      layout_loops_cross, basic_altar, minmay_crystal_water, st_stairs_10
D:3:      layout_basic, old_standard_altar, mainiacjoe_overflow_alcove_1,
          minivault_4

Skill      XL: |  1 |
---------------+----+-----
Fighting       | 2 |  2.5
Armour         | |  1.7
Dodging        | |  0.8
Stealth        | |  0.8
Evocations     | |  3.0

Action                     || total
---------------------------++-------
  Melee: Short sword       ||    57
         Unarmed           ||    16
         Pseudopods        ||     3
  Evoke: Wand              ||     1
    Use: Potion            ||     1
 Armour: Leather armour    ||    10
         Ring mail         ||    12
  Dodge: Dodged            ||    52

Table legend: (Time is in decaauts)
 A = Elapsed time spent in this place.
 B = Non-inter-level travel time spent in this place.
 C = Inter-level travel time spent in this place.
 D = Time resting spent in this place.
 E = Time spent auto-exploring this place.
 F = Levels seen in this place.
 G = Mean time per level.
                   A        B        C        D        E       F      G
               +--------+--------+--------+--------+--------+-----+--------+
         Total |   1741 |   1630 |    111 |     16 |   1200 |   3 |  580.3 |
       Dungeon |   1741 |   1630 |    111 |     16 |   1200 |   3 |  580.3 |
               +--------+--------+--------+--------+--------+-----+--------+

Top non-repeatable levels by time:
     D:2: 671 daAuts
     D:1: 666 daAuts
     D:3: 403 daAuts
